 Dungeon Crawl Stone Soup version 0.27.0-1-g7a089689b8 (webtiles) character file.

Game seed: 8704489126144936919

18 EnegeticOcto the Shield-Bearer (level 2, -8/27 HPs)
             Began as a Deep Dwarf Fighter on Aug 2, 2021.
             Succumbed to Jessica's poison
             ... on level 2 of the Dungeon.
             The game lasted 00:00:26 (386 turns).

EnegeticOcto the Shield-Bearer (Deep Dwarf Fighter)  Turns: 386, Time: 00:00:26

Health: -8/27      AC:  6    Str: 19    XL:     2   Next: 48%
Magic:  2/2        EV:  7    Int:  8    God:
Gold:   55         SH:  9    Dex: 12    Spells: 1/1 levels left

rFire    . . .     SeeInvis .   a - +0 war axe
rCold    . . .     Faith    .   c - +0 kite shield
rNeg     . . .     Spirit   .   b - +0 scale mail
rPois    .         Reflect  .   (no helmet)
rElec    .         Harm     .   (no cloak)
rCorr    .         Rampage  .   (no gloves)
Will     .....                  (no boots)
Stlth    ..........             (no amulet)
HPRegen  0.00/turn              (no ring)
MPRegen  0.08/turn              (no ring)

@: lethally poisoned (-8 -> -21), slowed, very slow
A: damage resistance, heal wounds, sense surroundings 1, no regeneration
a: Heal Wounds


You were on level 2 of the Dungeon.
You visited 1 branch of the dungeon, and saw 2 of its levels.

You collected 55 gold pieces.

Inventory:

Hand Weapons
 a - a +0 war axe (weapon)
Armour
 b - a +0 scale mail (worn)
 c - a +0 kite shield (worn)
Scrolls
 e - a scroll of brand weapon {unknown}
 f - a scroll of vulnerability {unknown}
Potions
 d - a potion of might {@q3}


   Skills:
 + Level 2.8 Fighting
 * Level 2.8 Axes
 + Level 3.5 Armour
 + Level 3.5 Shields


You had one spell level left.
You didn't know any spells.
Your spell library was empty.

Dungeon Overview and Level Annotations

Branches:
Dungeon (2/15)

Altars:

Shops:
D:1 [

Annotations:
D:2 Jessica


Innate Abilities, Weirdness & Mutations

You are resistant to damage.
You can heal yourself by infusing magical energy.
You passively map a small area around you.
You do not regenerate.


Message History

You are more poisoned.
You closely miss Jessica. Jessica barely misses you.
Jessica hits you with a +2 dagger of venom.
You are more poisoned.
Jessica gestures wildly while chanting.
Jessica blinks!
Jessica zaps a wand.
The puff of flame hits you. Jessica gestures at you while chanting.
You feel as though you will be slow longer.
Jessica casts a spell.
Jessica blinks!
Jessica casts a spell at you. Pain shoots through your body!
* * * LOW HITPOINT WARNING * * *
You are too injured to fight recklessly!
You are too injured to fight recklessly!
You are too injured to fight recklessly!
You are too injured to fight recklessly!
You are too injured to fight recklessly!
You are too injured to fight recklessly!
You are too injured to fight recklessly!
You are too injured to fight recklessly!
You are too injured to fight recklessly!
You are too injured to fight recklessly!
You are too injured to fight recklessly!
You are too injured to fight recklessly!
You are too injured to fight recklessly!
You are too injured to fight recklessly!
You are too injured to fight recklessly!
You feel much better. Jessica says, "Why did you come here?"
Jessica zaps a wand.
The puff of flame hits you.
You hit Jessica.
Jessica is severely wounded.
Jessica drinks a potion.
Jessica is healed!
Jessica hits you with a +2 dagger of venom.
You are more poisoned.
Jessica hits you but does no damage. You block Jessica's attack.
You feel much better.
Jessica points at you and mumbles some strange words.
You barely resist.
Jessica zaps a wand.
The puff of flame hits you.
You hit Jessica but do no damage.
Jessica zaps a wand.
The puff of flame misses you.
Jessica hits you with a +2 dagger of venom.
You are more poisoned.
Jessica barely misses you.
You closely miss Jessica.
Jessica hits you with a +2 dagger of venom.
You are more poisoned.
Jessica hits you with a +2 dagger of venom.
You are more poisoned.
You block Jessica's attack.
Jessica zaps a wand.
The puff of flame hits you!
You are too injured to fight recklessly!
You are too injured to fight recklessly!
You are too injured to fight recklessly!
You are too injured to fight recklessly!
You are too injured to fight recklessly!
You are too injured to fight recklessly!
You are too injured to fight recklessly!
You are too injured to fight recklessly!
You are too injured to fight recklessly!
You are too injured to fight recklessly!
You are too injured to fight recklessly!
You are too injured to fight recklessly!
You are too injured to fight recklessly!
You are too injured to fight recklessly!
You are too injured to fight recklessly!
You feel much better.
You feel extremely sick.
Jessica zaps a wand.
The puff of flame hits you! Jessica barely misses you.
You feel much better.
Jessica zaps a wand.
The puff of flame hits you!
The now-empty wand crumbles to dust.
Jessica hits you with a +2 dagger of venom.
You are more poisoned.
Jessica hits you with a +2 dagger of venom.
You are more poisoned.
You completely miss Jessica.
* * * LOW HITPOINT WARNING * * *
You feel extremely sick.
Jessica shouts, "You're disturbing me!
I'll have to kill you!" You block Jessica's attack.
Jessica hits you with a +2 dagger of venom.
You are lethally poisoned!
Jessica hits you with a +2 dagger of venom.
* * * LOW HITPOINT WARNING * * *
You are more poisoned.
You are too injured to fight recklessly!
You are too injured to fight recklessly!
You are too injured to fight recklessly!
You are too injured to fight recklessly!
You are too injured to fight recklessly!
You are too injured to fight recklessly!
You are too injured to fight recklessly!
You are too injured to fight recklessly!
You are too injured to fight recklessly!
You are too injured to fight recklessly!
You are too injured to fight recklessly!
You are too injured to fight recklessly!
You are too injured to fight recklessly!
You are too injured to fight recklessly!
You die...

, , * * *####### *
### * #.....### *
, #.., *..#.#....
#.#* #......# #.#
, #.#.#.#*
#.#######.@...##.
#..<.....@.......,
#.#############..
#...# * ,, #.#.# ,
#.#.#* * , , ,
#)#.. * * #.####*
* ** * * #.# , #.#
*** ,


You could see Jessica (fast).

Vanquished Creatures
  A hobgoblin (D:2)
  2 jackals (D:1)
  4 kobolds (D:1)
  A quokka (D:1)
  3 ball pythons
  2 bats (D:1)
  2 frilled lizards (D:1)
  A goblin (D:1)
  3 rats (D:1)
19 creatures vanquished.

Notes
Turn   | Place    | Note
-------+----------+-------------------------------------------
     0 | D:1      | EnegeticOcto the Deep Dwarf Fighter began the quest for the
                  | Orb.
     0 | D:1      | Reached XP level 1. HP: 20/20 MP: 1/1
   110 | D:1      | Found Sapuczes's Armour Shoppe.
   150 | D:1      | Reached XP level 2. HP: 24/27 MP: 2/2
   369 | D:2      | Noticed Jessica
   386 | D:2      | Succumbed to Jessica's poison

Illustrated notes

Levels and vault maps discovered:
D:1:      sevenhm_arrival_forest_fort_small_4, layout_rooms,
          ebering_ecumenical_altar_webs, serial_shops, shop
D:2:      layout_loops_ring, serial_co_window_serial,
          co_window_of_opportunity_a, co_window_paths_a, co_window_paths_b,
          co_window_paths_a, co_window_paths_a, co_window_corner_a,
          co_window_paths_c, co_window_broadway_c, co_window_corner_ca,
          co_window_broadway_b, co_window_broadway_b, co_window_paths_e,
          glass_columns_a, glass_columns_c, uniq_robin, uniq_crazy_yiuf_cottage,
          uniq_jessica

Action                   || total
-------------------------++-------
Melee: War axe           ||    51
 Abil: Heal Wounds       ||     4
Armor: Scale mail        ||    20
Dodge: Dodged            ||    21
Block: Kite shield       ||    30
